 Dungeon Crawl Stone Soup version 0.30-a0-1103-g25895a7845 (webtiles) character file.

Game seed: 5863825265882568454

545000 kae the Axe Maniac (level 26, -19/266 HPs)
             Began as a Hill Orc Fighter on Apr 15, 2023.
             Was the Champion of Qazlal.
             Killed from afar by an orb of fire (29 damage)
             ... with a bolt of fire
             ... on level 2 of the Realm of Zot on Apr 18, 2023.
             The game lasted 01:01:33 (46639 turns).

kae the Axe Maniac (Hill Orc Fighter)              Turns: 46639, Time: 01:01:33

Health: -19/266    AC: 43    Str: 37    XL:     26   Next: 12%
Magic:  37/37      EV: 16    Int:  8    God:    Qazlal [******]
Gold:   4129       SH:  8    Dex: 10    Spells: 25/25 levels left

rFire   + . .      SeeInvis +    e - +9 executioner's axe (freeze) {rare}
rCold   + + .      Faith    .    (shield currently unavailable)
rNeg    . . .      Spirit   .    f - +0 ice dragon scales of the Land of Plenty {rPois rF- rC++ SInv}
rPois   +          Reflect  .    (helmet restricted)
rElec   .          Rampage  .    Y - +2 cloak of the Sky {rCorr Str+3}
rCorr   +          Clarity  +    V - +2 pair of gloves {Str+3}
Will    +++..                    L - +1 pair of boots {Fly} Stlth
                                 H - amulet "Jylaegaq" {Will+ Regen+}
HPRegen 1.44/turn                O - ring of the Tortoise {AC+8}
MPRegen 0.25/turn                g - ring "Orastraax" {rF+ Will+ AC+4}

@: about to teleport, protected from fire, flying, repel missiles
A: horns 1, clarity, inability to drink after injury 1, noise suppression
}: 3/15 runes: barnacled, silver, gossamer
a: Renounce Religion, Upheaval, Elemental Force, Disaster Area


You were on level 2 of the Realm of Zot.
You worshipped Qazlal.
Qazlal was exalted by your worship.
You visited 10 branches of the dungeon, and saw 44 of its levels.
You visited the Abyss 1 time.
You also visited: Sewer, Gauntlet, Ice Cave, Volcano and Wizlab.

You collected 6406 gold pieces.
You spent 2277 gold pieces at shops.


Innate Abilities, Weirdness & Mutations

You have a pair of small horns on your head.
You possess an exceptional clarity of mind.
You occasionally lose the ability to drink potions when taking damage.
You passively dampen the noise of your surroundings.


   Skills:
 O Level 27 Fighting
 O Level 27 Axes
 + Level 25.7 Armour
 + Level 16.3 Dodging
 - Level 3.2 Shields
 + Level 20.4 Invocations


You had 25 spell levels left.
You didn't know any spells.
Your spell library contained the following spells:

 Spells                   Type           Power      Damage    Failure   Level
 Apportation              Tloc           0%         N/A       52%         1
 Beastly Appendage        Tmut           0%         N/A       52%         1
 Foxfire                  Conj/Fire      0%         2x1d4     52%         1
 Freeze                   Ice            0%         1d3       52%         1
 Kiss of Death            Conj/Necr      0%         2d5       52%         1
 Magic Dart               Conj           0%         1d3       52%         1
 Necrotise                Necr           0%         1d4       52%         1
 Sandblast                Erth           0%         2d4       52%         1
 Slow                     Hex            0%         N/A       52%         1
 Summon Small Mammal      Summ           0%         N/A       52%         1
 Blink                    Tloc           0%         N/A       65%         2
 Call Imp                 Summ           0%         N/A       65%         2
 Cigotuvi's Dreadful Rot  Necr/Pois/Air  0%         N/A       65%         2
 Ensorcelled Hibernation  Hex/Ice        0%         N/A       65%         2
 Lesser Beckoning         Tloc           0%         N/A       65%         2
 Momentum Strike          Conj/Tloc      0%         3d8       65%         2
 Passwall                 Tmut/Erth      0%         N/A       65%         2
 Searing Ray              Conj           0%         2d4       65%         2
 Wereblood                Tmut           0%         N/A       65%         2
 Call Canine Familiar     Summ           0%         N/A       87%         3
 Confusing Touch          Hex            0%         N/A       87%         3
 Frozen Ramparts          Ice            0%         1d1       87%         3
 Gell's Gravitas          Tloc           0%         N/A       87%         3
 Hailstorm                Conj/Ice       0%         3d3       87%         3
 Mephitic Cloud           Conj/Pois/Air  0%         N/A       87%         3
 Ozocubu's Armour         Ice            0%         N/A       87%         3
 Portal Projectile        Hex/Tloc       0%         N/A       87%         3
 Spider Form              Tmut/Pois      0%         N/A       87%         3
 Summon Guardian Golem    Hex/Summ       0%         N/A       87%         3
 Swiftness                Air            0%         N/A       87%         3
 Teleport Other           Tloc           0%         N/A       87%         3
 Vampiric Draining        Necr           0%         2d6       87%         3
 Anguish                  Hex/Necr       0%         N/A       99%         4
 Animate Armour           Summ/Erth      0%         N/A       99%         4
 Cause Fear               Hex            0%         N/A       99%         4
 Dispel Undead            Necr           0%         3d6       99%         4
 Fulminant Prism          Conj/Hex       0%         3d5       99%         4
 Ice Form                 Ice/Tmut       0%         N/A       99%         4
 Leda's Liquefaction      Hex/Erth       0%         N/A       99%         4
 Petrify                  Tmut/Erth      0%         N/A       99%         4
 Fireball                 Conj/Fire      0%         3d3       100%        5
 Death Channel            Necr           0%         N/A       100%        6
 Plasma Beam              Fire/Air       0%         2x1d11    100%        6
 Simulacrum               Ice/Necr       0%         N/A       100%        6
 Starburst                Conj/Fire      0%         6d3       100%        6
 Statue Form              Tmut/Erth      0%         N/A       100%        6
 Enfeeble                 Hex            0%         N/A       100%        7
 Malign Gateway           Summ/Tloc      0%         N/A       100%        7
 Orb of Destruction       Conj           0%         9d5       100%        7
 Ozocubu's Refrigeration  Ice            0%         4d7       100%        7
 Spellforged Servitor     Conj/Summ      0%         N/A       100%        7
 Summon Hydra             Summ           0%         N/A       100%        7
 Borgnjor's Revivificati  Necr           0%         N/A       100%        8
 Lehudib's Crystal Spear  Conj/Erth      0%         10d2      100%        8
 Necromutation            Tmut/Necr      0%         N/A       100%        8
 Summon Horrible Things   Summ           0%         N/A       100%        8
 Death's Door             Necr           0%         N/A       100%        9

Inventory:

Hand Weapons
 a - a +1 battleaxe of flaming
   (You found it in a volcano)
 e - a +9 executioner's axe of freezing (weapon) {rare}
   (You acquired it on level 1 of the Lair of Beasts)
 r - a +4 battleaxe of venom
   (You bought it in a shop on level 2 of the Orcish Mines)
Armour
 f - the +0 ice dragon scales of the Land of Plenty (worn) {rPois rF- rC++ SInv}
   (You found it in a Gauntlet)

   rF:        It makes you vulnerable to fire.
   rC:        It greatly protects you from cold.
   rPois:     It protects you from poison.
   SInv:      It lets you see invisible.
 l - the +2 ratskin cloak {*Rats rPois rN+ Str-1 Int-1 Dex+1}
   (You found it on level 3 of the Dungeon)

   *Rats:     When the wearer is hurt, rats may emerge from it to assist them.
   Str:       It affects your strength (-1).
   Int:       It affects your intelligence (-1).
   Dex:       It affects your dexterity (+1).
   rPois:     It protects you from poison.
   rN:        It protects you from negative energy.
 L - a +1 pair of boots of flying (worn)
   (You found it on level 4 of the Spider Nest)
 V - a +2 pair of gloves of strength (worn)
   (You found it on level 11 of the Dungeon)
 Y - the +2 cloak of the Sky (worn) {rCorr Str+3}
   (You found it in a Gauntlet)

   Str:       It affects your strength (+3).
   rCorr:     It protects you from acid and corrosion.
Jewellery
 g - the ring "Orastraax" (right hand) {rF+ Will+ AC+4}
   (You bought it in a shop on level 1 of the Depths)

   [ring of protection]

   AC:        It affects your AC (+4).
   rF:        It protects you from fire.
   Will:      It increases your willpower.
 H - the amulet "Jylaegaq" (around neck) {Will+ Regen+}
   (You bought it in a shop on level 1 of the Depths)

   [amulet of regeneration]

   Regen:     It increases your rate of health regeneration.
   Will:      It increases your willpower.
 O - the ring of the Tortoise (left hand) {AC+8}
   (You found it on level 2 of the Spider Nest)

   [ring of protection]

   AC:        It affects your AC (+8).
 R - a ring of resist corrosion
   (You found it on level 1 of the Depths)
Wands
 b - a wand of charming (51)
   (You found it on level 6 of the Dungeon)
 c - a wand of mindburst (12)
   (You found it on level 1 of the Spider Nest)
 m - a wand of polymorph (16)
   (You found it on level 5 of the Lair of Beasts)
 n - a wand of acid (26)
   (You found it on level 2 of the Dungeon)
 y - a wand of flame (132)
   (You found it on level 5 of the Dungeon)
 N - a wand of digging (15)
   (You found it on level 9 of the Dungeon)
 T - a wand of iceblast (39)
   (You found it on level 15 of the Dungeon)
Scrolls
 o - 12 scrolls of teleportation {@r4}
 p - 6 scrolls of fear
 s - 5 scrolls of torment {!r}
 t - 2 scrolls of magic mapping {!r}
 u - 2 scrolls of summoning
 C - 7 scrolls of enchant weapon
 D - 4 scrolls of brand weapon
 E - 7 scrolls of blinking {!r}
 F - 8 scrolls of fog
 G - 9 scrolls of immolation {!r!r}
 M - a scroll of enchant armour
 P - 3 scrolls of poison
 Q - 7 scrolls of vulnerability {!r!r}
Potions
 d - 4 potions of might
 h - 17 potions of curing {@q1}
 i - 9 potions of heal wounds {@q2}
 j - 11 potions of haste {@q3}
 k - 12 potions of brilliance
 q - 9 potions of mutation {!q}
 v - 4 potions of cancellation
 w - 12 potions of flight
 x - 4 potions of invisibility
 z - 8 potions of magic
 A - 7 potions of attraction {!q}
 I - 8 potions of ambrosia
 J - 7 potions of lignification {!q}
 K - 5 potions of berserk rage {!q}
 W - a potion of resistance
Miscellaneous
 B - a phantom mirror
   (You found it on level 15 of the Dungeon)
 S - a box of beasts
   (You found it on level 2 of the Lair of Beasts)
 U - a lightning rod (4/4)
   (You found it on level 10 of the Dungeon)

Dungeon Overview and Level Annotations

Branches:
Dungeon (15/15) Zot: 24864  Temple (1/1) D:5 Zot: 5890    Lair (5/5) D:8 Zot: 24573
 Shoals (4/4) Lair:3 Zot: 20015  Spider (4/4) Lair:2 Zot: 18973   Slime (0/5) Lair:4
    Orc (2/2) D:10 Zot: 10767     Elf (2/3) Orc:2 Zot: 9586  Vaults (5/5) D:14 Zot: 22746
  Crypt (0/3) Vaults:2     Depths (4/4) D:15 Zot: 19933     Zot (2/5) Depths:4 Zot: 10606
  Sewer (visited)           IceCv (visited)         Volcano (visited)
 WizLab (visited)         Gauntlet (visited)

Altars:
Ashenzari
Cheibriados
Dithmenos
Elyvilon
Fedhas
Gozag
Hepliaklqana
Kikubaaqudgha
Makhleb
Nemelex Xobeh
Okawaru
Qazlal
Ru
Sif Muna
Trog
Uskayaw
Vehumet
Wu Jian
Xom
Yredelemnul
Zin
The Shining One
Beogh
Lugonu

Shops:
D:1 *   Orc:2 :*!(   Elf:2 *(   Shoals:3 (   Vaults:3 [   Depths:1 [(==

Portals:
Hell: Depths:1 Depths:2 Depths:3 Depths:4
Abyss: Depths:2 Depths:4
Pandemonium: Depths:2
Ziggurat: Depths:4

Annotations:
D:11 exclusion: obsidian statue
Vaults:2 2 transporters, Fypuno Aqar's ghost, adept DEFE

#. ##...# # #.
#...### ####.
#......
##..#.###......
###....##......
######....###'###
#
########.........#
#
#.#######......###
# #@*#####..#.โŒ
.....
##.*###..##.....##
##..#..###.....#
##*..## #.....#
##ยง## #.....#
#..# #####.# #*##
#.# #. #.# ยง.


You could see 3 orbs of fire.


Message History

You feel more protected from fire.
The orb of fire emits a lurid red light.
The fireball explodes!
The fireball engulfs you! You resist.
* * * LOW HITPOINT WARNING * * *
The fireball engulfs the orb of fire.
The orb of fire completely resists.
The fireball engulfs the orb of fire.
The orb of fire completely resists. ๐Ÿ˜จ HP[-14]
You take 14 damage, and now have 125/266 hp.
You miss the orb of fire. Your headbutt misses the orb of fire.
You miss the orb of fire.
The orb of fire emits a lurid red light.
The fireball explodes!
The fireball engulfs you!! You resist.
* * * LOW HITPOINT WARNING * * *
The fireball engulfs the orb of fire.
The orb of fire completely resists.
The fireball engulfs the orb of fire.
The orb of fire completely resists. ๐Ÿ˜จ HP[-18]
You take 18 damage, and now have 107/266 hp.
Unknown command.
You miss the orb of fire. You barely miss the orb of fire.
The orb of fire glows deep purple.
The bolt of fire hits you! You resist.
* * * LOW HITPOINT WARNING * * *
๐Ÿ˜จ HP[-11]
You take 11 damage, and now have 96/266 hp.
As you read the scroll of teleportation {@r4}, it crumbles to dust.
You feel strangely unstable.
You feel the Orb delaying your translocation!
The orb of fire glows yellow.
The bolt of fire hits you! You resist.
* * * LOW HITPOINT WARNING * * *
The orb of fire glows yellow.
The fireball explodes!
The fireball engulfs you! You resist.
You feel more protected from fire.
* * * LOW HITPOINT WARNING * * *
The fireball engulfs the orb of fire.
The orb of fire completely resists.
The fireball engulfs the orb of fire.
The orb of fire completely resists.
You slash the orb of fire! You freeze the orb of fire.
Your headbutt misses the orb of fire. You miss the orb of fire.
The orb of fire glows yellow.
The fireball explodes!
The fireball engulfs you!! You resist.
* * * LOW HITPOINT WARNING * * *
The fireball engulfs the orb of fire.
The orb of fire completely resists.
The fireball engulfs the orb of fire.
The orb of fire completely resists.
Unknown command. ๐Ÿ˜ฑ HP[-52]
You take 52 damage, and now have 44/266 hp.
You slash the orb of fire! You freeze the orb of fire.
You barely miss the orb of fire. ๐Ÿ˜ฑ HP[+1] Unknown command.
The orb of fire glows yellow.
The fireball explodes!
The fireball engulfs you! You resist.
You feel more protected from fire.
* * * LOW HITPOINT WARNING * * *
The fireball engulfs the orb of fire.
The orb of fire completely resists.
The fireball engulfs the orb of fire.
The orb of fire completely resists. ๐Ÿ˜ฑ HP[-6]
You take 6 damage, and now have 39/266 hp.
Unknown command. ๐Ÿ˜ฑ HP[+2]
You regained 2 hp, and now have 41/266 hp.
Unknown command.
The orb of fire sizzles in the rain.
The orb of fire glows deep purple.
The fireball explodes!
The fireball engulfs you! You resist.
You feel more protected from fire.
* * * LOW HITPOINT WARNING * * *
The fireball engulfs the orb of fire.
The orb of fire completely resists.
The orb of fire sizzles in the rain. ๐Ÿ˜ฑ HP[-12]
You take 12 damage, and now have 29/266 hp.
Unknown command.
The orb of fire glows yellow.
The bolt of fire hits the orb of fire.
The orb of fire completely resists.
The bolt of fire hits you. You resist.
You feel more protected from fire.
* * * LOW HITPOINT WARNING * * *
๐Ÿ˜ฑ HP[-2]
You take 2 damage, and now have 27/266 hp.
Unknown command.
The orb of fire glows red.
The fireball explodes!
The fireball engulfs the orb of fire.
The orb of fire completely resists.
The fireball engulfs you! You resist.
You feel more protected from fire.
* * * LOW HITPOINT WARNING * * *
The orb of fire sizzles in the rain. ๐Ÿ˜ฑ HP[-8]
You take 8 damage, and now have 19/266 hp.
Unknown command.
You feel much better.
The orb of fire glows deep purple.
The fireball explodes!
The fireball engulfs you!! You resist.
You feel more protected from fire.
* * * LOW HITPOINT WARNING * * *
The fireball engulfs the orb of fire.
The orb of fire completely resists.
The orb of fire glows bright magenta.
The bolt of fire misses the orb of fire.
The bolt of fire hits you!! You resist.
You feel more protected from fire.
You die...

Skill      XL: |  1  2  3  4  5  6  7  8  9 10 11 12 13 14 15 16 17 18 19 20 21 22 23 24 25 |
---------------+----------------------------------------------------------------------------+-----
Axes           | 3 4 5 6 8 9 11 14 16 17 18 19 22 24 25 27 | 27.0
Fighting       | 8 11 15 18 22 26 27 | 27.0
Dodging        | 3 5 7 8 9 10 14 15 16 | 16.3
Armour         | 5 8 9 11 12 13 18 21 24 25 | 25.7
Invocations    | 3 7 10 12 14 18 20 | 20.4
Shields        | |  3.2

Action                     |  1- 3 |  4- 6 |  7- 9 | 10-12 | 13-15 | 16-18 | 19-21 | 22-24 | 25-27 || total
---------------------------+-------+-------+-------+-------+-------+-------+-------+-------+-------++-------
  Melee: War axe           |    85 |   182 |   316 |   302 |       |       |       |       |       ||   885
         Headbutt          |       |       |    12 |   113 |   157 |   204 |   256 |   281 |   115 ||  1138
         Executioner's axe |       |       |       |   190 |   671 |   982 |  1043 |  1121 |   419 ||  4426
         Battleaxe         |       |       |       |       |     7 |       |       |       |       ||     7
 Invoke: Upheaval          |       |       |       |     2 |     3 |     2 |     3 |       |       ||    10
         Elemental Force   |       |       |       |       |       |       |       |     1 |       ||     1
         Disaster Area     |       |       |       |       |       |       |       |     1 |       ||     1
  Evoke: Wand              |       |     1 |     2 |       |       |       |       |       |       ||     3
    Use: Scroll            |     1 |     3 |    10 |    17 |    10 |     2 |     1 |     2 |     1 ||    47
         Potion            |       |       |     5 |     1 |       |       |       |     1 |     1 ||     8
   Stab: Invisible         |       |       |     2 |     7 |       |       |       |       |       ||     9
         Distracted        |       |       |       |     1 |     1 |       |       |       |       ||     2
 Armour: Scale mail        |    43 |    78 |     5 |       |       |       |       |       |       ||   126
         Ring mail         |       |       |   113 |   110 |       |       |       |       |       ||   223
         Leather armour    |       |       |       |    80 |   262 |       |       |       |       ||   342
         Ice dragon scales |       |       |       |       |    20 |   501 |   540 |   556 |   219 ||  1836
  Dodge: Dodged            |    27 |    71 |   116 |   265 |   414 |   449 |   488 |   568 |   215 ||  2613
         Repelled          |       |       |       |       |     3 |     3 |    11 |    22 |    15 ||    54
  Block: Buckler           |    18 |    40 |    62 |    83 |       |       |       |       |       ||   203
         Other             |       |       |       |    16 |   202 |   312 |   325 |   316 |   112 ||  1283

Levels and vault maps discovered:
D:1:      dpeg_arrival_rooms_with_view, layout_basic, serial_shops,
          nicolae_shop_statue_plus, minmay_distorted
D:2:      layout_basic, uniq_jessica
D:3:      layout_basic, ashenzari_conservatory_becter,
          chequers_ecumenical_altar_island, hangedman_decor_points
D:4:      layout_cave_pods, minmay_misc_feat_diagonals, minmay_rat_hole
D:5:      layout_rooms, dreamdust_divine_triumvirate,
          nicolae_overflow_hidden_temple, minmay_temple_entry_hall,
          gup_sewer_entry_pipe
D:6:      layout_loops_ring, chequers_jeans, st_stairs_3
D:7:      layout_basic, kennysheep_generic_room_10
D:8:      layout_rooms, mainiacjoe_overflow_brackets, lemuel_round_altar,
          mainiacjoe_overflow_divided_tiny, dpeg_lair_monsters
D:9:      layout_stronghold, grunt_ministairs_1
D:10:     layout_rooms, mainiacjoe_overflow_alcove_1, general_overflow_altar,
          nemelex_diamond_rough_becter, orc_0_dummy
D:11:     layout_loops_corners, biasface_ghost_orc_armoury,
          minmay_protected_statue
D:12:     layout_basic
D:13:     layout_gridville, gauntlet_entry_generic, minmay_tree_intersection,
          tgw_trog
D:14:     layout_rooms, david_vaults_4, minmay_misc_feat_room, special_room
          [special_room_mythical_zoo], tso_metal_star, uniq_lodul
D:15:     hangedman_depths_entry_civil_slaughter, layout_loops_cross,
          nicolae_wwwww, ebering_ghost_xom, uniq_louise, uniq_azrael
Temple:   nicolae_temple_bog_church
Lair:1:   layout_regular_city, portal_ice_cave_entry_ice_simulacra,
          serial_bayou_ford_a, uniq_sonja
Lair:2:   layout_misc_corridors, hellmonk_spider_entry_not_the_bees,
          ebering_ghost_inner_flame, hangedman_lair_unloving_vines
Lair:3:   layout_layer_cave, nicolae_shoals_entry_roost, wad_woods_road_05,
          grunt_megastairs_1, serial_bayou_shore_a, uniq_urug
Lair:4:   layout_regular_city, slime_entry_1
Lair:5:   due_jungle_book, layout_regular_city
Shoals:1: layout_shoals, wheals_shoals_ruined_temple, uniq_mlioglotl,
          uniq_nikola, uniq_roxanne, uniq_josephine
Shoals:2: layout_shoals, nicolae_shoals_water_booths
Shoals:3: layout_shoals, serial_shops, shop_fountains
Shoals:4: shoals_end_simple, layout_shoals, shoals_ilsuiw_alternative,
          nicolae_shoals_goliath_grotto, uniq_polyphemus, uniq_donald
Spider:1: layout_spider_delve, nicolae_spider_wall_of_niches, uniq_jorgrun
Spider:2: nicolae_spider_hilbert_zone_4 [nicolae_spider_hilbert_4_sides_2_open,
          nicolae_spider_hilbert_4_sides_1_open,
          nicolae_spider_hilbert_4_sides_1_open,
          nicolae_spider_hilbert_4_sides_1_open,
          nicolae_spider_hilbert_4_sides_1_open,
          nicolae_spider_hilbert_2_sides_1_open,
          nicolae_spider_hilbert_2_sides_1_open,
          nicolae_spider_hilbert_2_sides_1_open,
          nicolae_spider_hilbert_2_sides_1_open,
          nicolae_spider_hilbert_6_sides_1_open,
          nicolae_spider_hilbert_6_sides_1_open,
          nicolae_spider_hilbert_3_sides_1_open,
          nicolae_spider_hilbert_3_sides_1_open]
Spider:3: layout_spider_delve
Spider:4: guppyfry_spider_rune
Orc:1:    layout_caves, nicolae_volcano_entry_hallway, uniq_erolcha
Orc:2:    st_orc_elflike, layout_diamond_mine
Elf:1:    eino_elf_arrival_the_gate, layout_loops_corners, minmay_elf_demonology
Elf:2:    elven_hall_of_blades_hangedman_alternative
          [nicolae_blade_entry_area_security], layout_gridlike,
          nicolae_shop_clearance, minmay_shop_star
Vaults:1: v_rooms_3, vaults_dpeg_doors, nicolae_vaults_ninety_degrees,
          hangedman_vaults_capsules, v_misc_24, nicolae_vaults_statue_guard,
          nicolae_vaults_little_squares_6, v_misc_25, layout_vaults_chaotic_city
Vaults:2: gammafunk_ghost_wrathful_warriors, ontoclasm_vaults_decontamination,
          hangedman_vaults_nails, ontoclasm_vaults_gallery,
          hangedman_vaults_stagger, v_misc_18, minmay_crypt_entry_necro_gods,
          ontoclasm_vaults_ring_small, serial_ice_b, nicolae_vaults_alarming,
          vaults_room_corners, layout_vaults_quadrants
Vaults:3: vaults_room_octagon, v_misc_29, hangedman_vaults_corner_blocks,
          v_alt_pattern_5, nicolae_vaults_meeting, dpeg_vaults_monster_box,
          v_misc_14, hangedman_vaults_corner_blocks,
          nicolae_vaults_big_angled_halls, ontoclasm_vaults_loading_screen,
          vaults_room_semicircle, vaults_mumra_hex,
          nicolae_vaults_little_squares_4, layout_vaults_ring, serial_shops,
          shop
Vaults:4: v_rooms_4, hangedman_vaults_stream, nicolae_vaults_shelves_hall,
          ontoclasm_vaults_gateway, vaults_dpeg_encased_lava,
          ontoclasm_vaults_twist, ontoclasm_vaults_loading_screen,
          nicolae_vaults_three_branches, hangedman_vaults_stretched_pinwheel,
          v_alt_pattern_3, vaults_standard_mumra_x, grunt_vaults_trifunnel,
          serial_ice_h, hangedman_vaults_maws, serial_ice_b,
          layout_vaults_omnicross
Vaults:5
Depths:1: layout_basic, lemuel_coloured_pillars_altar, grunt_mini_vestibule,
          drop_trap, minmay_st_funbox, kennysheep_potato, minmay_shoptagon
Depths:2: kennysheep_bubbly, layout_basic, rand_demon_pan_entry_3,
          hangedman_coc_ice_floe, abyss_entry, uniq_enchantress
Depths:3: minmay_slanted_spiral_squares, layout_cross,
          ebering_dispersal_statue_hall, pf_hell_entry_tar_river, abyss_entry,
          infiniplex_staircase_river, serial_bayou_shore_b
Depths:4: lemuel_castle_with_subvaults [lemuel_castle_interior_carwin_3],
          layout_cave_pools, enter_ziggurat_c, lemuel_blue_sif_altar,
          mu_enter_wizlab_2, hell_entry, abyss_entry_flame_altar,
          okawaru_ov_weapons_minmay, uniq_xtahua
Zot:1:    layout_misc_corridors, grunt_ministairs_3
Zot:2:    regret_index_qazlal_generations, layout_basic, lemuel_lake_of_fire

Notes
Turn   | Place    | Note
-------+----------+-------------------------------------------
     0 | D:1      | kae the Hill Orc Fighter began the quest for the Orb.
     0 | D:1      | Reached XP level 1. HP: 19/19 MP: 1/1
     0 | D:1      | magus.rc [v1.11.3]
    50 | D:1      | Reached skill level 3 in Axes
   186 | D:1      | Reached XP level 2. HP: 26/26 MP: 2/2
   269 | D:1      | Found Fupolocu's General Store.
   393 | D:1      | Reached skill level 4 in Axes
   788 | D:2      | Reached XP level 3. HP: 31/31 MP: 3/3
   834 | D:2      | Noticed Jessica
   836 | D:2      | Killed Jessica
   837 | D:2      | Reached skill level 5 in Axes
   846 | D:2      | Reached XP level 4. HP: 39/39 MP: 4/4
  1040 | D:2      | You pick up a book of the Hunter and begin reading...
  1040 | D:2      | You add the spells Call Canine Familiar, Portal Projectile
                  | and Leda's Liquefaction to your library.
  1060 | D:2      | Reached skill level 6 in Axes
  1216 | D:3      | Found a faded altar of an unknown god.
  1241 | D:3      | Found the +2 ratskin cloak {*Rats rPois rN+ Str-1 Int-1
                  | Dex+1}
  1344 | D:3      | Found a broken altar of Ashenzari.
  1546 | D:3      | Reached XP level 5. HP: 44/45 MP: 5/5
  1579 | D:3      | Reached skill level 7 in Axes
  1998 | D:4      | Reached skill level 8 in Axes
  1998 | D:4      | Reached XP level 6. HP: 37/51 MP: 6/6
  2161 | D:4      | Reached skill level 9 in Axes
  2218 | D:4      | You pick up a book of the Tundra and begin reading...
  2218 | D:4      | You add the spells Hailstorm, Ice Form and Simulacrum to
                  | your library.
  2635 | D:5      | Entered Level 5 of the Dungeon
  2643 | D:5      | Reached XP level 7. HP: 47/57 MP: 7/7
  2651 | D:5      | Reached skill level 10 in Axes
  2655 | D:5      | Gained mutation: You possess an exceptional clarity of
                  | mind. [potion of mutation]
  2655 | D:5      | Gained mutation: You have hidden genetic potential. [potion
                  | of mutation]
  2716 | D:5      | You pick up a book of Spatial Translocations and begin
                  | reading...
  2716 | D:5      | You add the spells Blink, Momentum Strike and Lesser
                  | Beckoning to your library.
  2717 | D:5      | Identified the +3 ring mail "Veef Esi" {Fly rF+}
  2738 | D:5      | Found a staircase to the Ecumenical Temple.
  2742 | D:5      | You pick up a book of Fire and begin reading...
  2742 | D:5      | You add the spells Foxfire, Fireball, Plasma Beam and
                  | Starburst to your library.
  2752 | Temple   | Entered the Ecumenical Temple
  2906 | D:5      | Found a glowing drain.
  2919 | Sewer    | Entered a sewer
  3095 | Sewer    | Found a shimmering altar of Xom.
  3099 | Sewer    | Reached skill level 11 in Axes
  3217 | D:5      | Found a snail-covered altar of Cheibriados.
  3439 | D:5      | Reached XP level 8. HP: 64/64 MP: 8/8
  3573 | D:5      | Found a white marble altar of Elyvilon.
  3573 | D:5      | Found a glowing silver altar of Zin.
  3573 | D:5      | Found a glowing golden altar of the Shining One.
  3838 | D:6      | Reached skill level 12 in Axes
  3845 | D:6      | Gained mutation: You passively dampen the noise of your
                  | surroundings. [hidden potential]
  4436 | D:7      | Reached skill level 13 in Axes
  4483 | D:7      | You pick up a book of Conjurations and begin reading...
  4483 | D:7      | You add the spells Magic Dart, Searing Ray and Fulminant
                  | Prism to your library.
  4556 | D:7      | Reached skill level 14 in Axes
  4660 | D:7      | Noticed a wyvern
  4670 | D:7      | HP: 14/64 [orc warrior/+0 long sword (12)]
  4671 | D:7      | HP: 4/64 [wyvern (11)]
  4675 | D:7      | Reached XP level 9. HP: 23/70 MP: 9/9
  4676 | D:7      | HP: 17/70 [wyvern (7)]
  4692 | D:7      | Gained mutation: You have a pair of small horns on your
                  | head. [hidden potential]
  4692 | D:7      | Lost mutation: You have hidden genetic potential. [hidden
                  | potential expressed]
  4804 | D:7      | Reached skill level 15 in Axes
  5320 | D:8      | Noticed a death yak
  5372 | D:8      | Found a shimmering altar of Xom.
  5440 | D:8      | Reached skill level 16 in Axes
  5440 | D:8      | Reached skill level 4 in Fighting
  5467 | D:8      | Found a staircase to the Lair.
  5468 | D:8      | Noticed a death yak
  5474 | D:8      | Noticed a death yak
  5476 | D:8      | Reached skill level 5 in Fighting
  5480 | D:8      | Killed a death yak
  5481 | D:8      | Reached skill level 8 in Fighting
  5481 | D:8      | Reached XP level 10. HP: 88/88 MP: 10/10
  5487 | D:8      | Reached skill level 9 in Fighting
  5493 | D:8      | Killed a death yak
  5493 | D:8      | Killed a death yak
  5494 | D:8      | Reached skill level 10 in Fighting
  5509 | D:8      | Reached skill level 11 in Fighting
  5561 | D:8      | Found a stormy altar of Qazlal.
  5561 | D:8      | Found an iron altar of Okawaru.
  5711 | D:8      | Found a shadowy altar of Dithmenos.
  5912 | D:8      | Became a worshipper of Qazlal Stormbringer
  6011 | D:9      | Reached skill level 1 in Dodging
  6037 | D:9      | Noticed a cyclops
  6047 | D:9      | Reached skill level 4 in Armour
  6054 | D:9      | Killed a cyclops
  6055 | D:9      | Reached skill level 2 in Dodging
  6178 | D:9      | Reached skill level 1 in Invocations
  6215 | D:9      | Noticed a two-headed ogre
  6226 | D:9      | Killed a two-headed ogre
  6226 | D:9      | Reached * piety under Qazlal
  6227 | D:9      | Reached skill level 5 in Armour
  6227 | D:9      | Reached skill level 3 in Dodging
  6227 | D:9      | Reached skill level 3 in Invocations
  6227 | D:9      | Reached XP level 11. HP: 46/102 MP: 11/13
  6591 | D:9      | Reached skill level 4 in Invocations
  6601 | D:9      | Reached skill level 6 in Armour
  6943 | D:10     | Entered Level 10 of the Dungeon
  7033 | D:10     | Found a staircase to the Orcish Mines.
  7043 | D:10     | Reached skill level 5 in Invocations
  7078 | D:10     | Reached skill level 4 in Dodging
  7078 | D:10     | Found a bloodstained altar of Trog.
  7331 | D:10     | You pick up a book of Touch and begin reading...
  7331 | D:10     | You add the spells Kiss of Death, Confusing Touch and
                  | Dispel Undead to your library.
  7446 | D:10     | Reached ** piety under Qazlal
  7481 | D:10     | Identified the +8 hand axe of True Grit {holy, Str+3 Int+4
                  | Stlth+}
  7518 | D:10     | Found a radiant altar of Vehumet.
  7634 | D:10     | Found a sparkling altar of Nemelex Xobeh.
  7867 | D:11     | Found a runed translucent gate.
  7867 | D:11     | Found a runed translucent gate.
  7867 | D:11     | Found a runed translucent gate.
  7867 | D:11     | Identified the +0 chain mail "Put-Me-On" {rElec rC+ rN+
                  | Dex-2}
  7867 | D:11     | Noticed Arzdou's ghost (journeyman SpEn)
  7986 | D:11     | Reached skill level 7 in Armour
  7986 | D:11     | Reached skill level 6 in Invocations
  8202 | D:11     | Noticed an obsidian statue
  8762 | D:11     | Found a roughly hewn altar of Beogh.
  8791 | D:11     | Killed Arzdou's ghost
  8792 | D:11     | Reached skill level 5 in Dodging
  8792 | D:11     | Reached skill level 7 in Invocations
  8931 | Lair:1   | Entered Level 1 of the Lair of Beasts
  8934 | Lair:1   | Identified 2 scrolls of acquirement
  8934 | Lair:1   | Acquired the staff of air "Sutumeor" {rElec rPois rC+++
                  | rCorr Dex-3}
  8940 | Lair:1   | Acquired a +0 executioner's axe of freezing
  8941 | Lair:1   | e - a +0 executioner's axe of freezing {rare}
  8958 | Lair:1   | your +0 executioner's axe of freezing {rare} glows with a
                  | cold blue light!
  8958 | Lair:1   | e - a +0 executioner's axe of freezing (weapon) {rare}
  9006 | Lair:1   | your +0 executioner's axe of freezing {rare} glows red for
                  | a moment.
  9067 | Lair:1   | Noticed Sonja
  9070 | Lair:1   | Killed Sonja
  9071 | Lair:1   | Reached skill level 8 in Armour
  9112 | Lair:1   | Reached XP level 12. HP: 90/110 MP: 17/17
  9112 | Lair:1   | Identified the +1 leather armour of Salvation {Will+ Regen+
                  | Int+3}
  9265 | Lair:1   | You fall into a shaft and drop 1 floor!
  9279 | Lair:2   | Reached skill level 8 in Invocations
  9345 | Lair:2   | Found a runed translucent door.
  9345 | Lair:2   | Noticed a skyshark
  9345 | Lair:2   | Noticed Picaen's ghost (journeyman DsNe)
  9384 | Lair:2   | Reached skill level 6 in Dodging
  9387 | Lair:2   | Found a hole to the Spider Nest.
  9416 | Lair:1   | Reached *** piety under Qazlal
  9457 | Lair:1   | Found a frozen archway.
  9467 | IceCv    | Entered an ice cave
  9496 | IceCv    | HP: 16/110 [two-headed ogre simulacrum (28)]
  9497 | IceCv    | Reached skill level 9 in Invocations
  9499 | IceCv    | Reached skill level 9 in Armour
  9781 | IceCv    | Reached skill level 17 in Axes
  9893 | IceCv    | Noticed a reaper
  9898 | IceCv    | Killed a reaper
  9907 | IceCv    | You add the spells Ozocubu's Armour and Ozocubu's
                  | Refrigeration to your library.
 10345 | Lair:2   | Noticed a skyshark
 10351 | Lair:2   | Killed a skyshark
 10352 | Lair:2   | Reached skill level 10 in Invocations
 10754 | Lair:2   | Killed a skyshark
 10755 | Lair:2   | Reached skill level 7 in Dodging
 10755 | Lair:2   | Reached XP level 13. HP: 111/116 MP: 20/20
 10768 | Lair:2   | Killed Picaen's ghost
 10769 | Lair:2   | Reached skill level 10 in Armour
 10838 | Lair:3   | your +1 executioner's axe of freezing {rare} glows red for
                  | a moment.
 10958 | Lair:3   | Reached **** piety under Qazlal
 10964 | Lair:3   | Found a staircase to the Shoals.
 10973 | Lair:3   | Reached skill level 11 in Invocations
 11453 | Lair:3   | Noticed Urug
 11461 | Lair:3   | Killed Urug
 11462 | Lair:3   | Reached skill level 18 in Axes
 11671 | Lair:3   | Reached skill level 11 in Armour
 11672 | Lair:3   | Reached skill level 8 in Dodging
 12243 | Lair:4   | Found a staircase to the Slime Pits.
 12269 | Lair:4   | Reached skill level 12 in Invocations
 12279 | Lair:4   | Reached ***** piety under Qazlal
 12281 | Lair:4   | You pick up a book of Spatial Translocations and begin
                  | reading...
 12610 | Lair:4   | Reached XP level 14. HP: 97/124 MP: 23/23
 13080 | Lair:5   | Entered Level 5 of the Lair of Beasts
 13175 | Lair:5   | Reached skill level 12 in Armour
 13213 | Lair:5   | Reached skill level 13 in Invocations
 13356 | Lair:5   | Reached skill level 19 in Axes
 13409 | Lair:5   | Reached skill level 9 in Dodging
 13572 | Lair:5   | Noticed a dire elephant
 13572 | Lair:5   | Noticed a dire elephant
 13573 | Lair:5   | Noticed a dire elephant
 13573 | Lair:5   | Noticed a dire elephant
 13574 | Lair:5   | Noticed a dire elephant
 13580 | Lair:5   | Killed a dire elephant
 13586 | Lair:5   | Killed a dire elephant
 13586 | Lair:5   | Killed a dire elephant
 13744 | Lair:5   | Killed a dire elephant
 13750 | Lair:5   | Killed a dire elephant
 13750 | Lair:5   | HP: 28/124 [??? (20)]
 13910 | Lair:5   | Reached skill level 14 in Invocations
 13920 | Lair:5   | You add the spells Malign Gateway and Summon Horrible
                  | Things to your library.
 14565 | Orc:1    | Entered Level 1 of the Orcish Mines
 14572 | Orc:1    | Reached XP level 15. HP: 107/129 MP: 25/25
 14706 | Orc:1    | Found a dark tunnel.
 14750 | Volcano  | Entered a volcano
 14769 | Volcano  | Found a radiant altar of Vehumet.
 14780 | Volcano  | Reached skill level 13 in Armour
 14790 | Volcano  | Reached ****** piety under Qazlal
 14999 | Orc:1    | Noticed Erolcha
 15009 | Orc:1    | Killed Erolcha
 15142 | Orc:2    | Entered Level 2 of the Orcish Mines
 15211 | Orc:2    | Found a staircase to the Elven Halls.
 15231 | Orc:2    | Reached skill level 20 in Axes
 15357 | Orc:2    | Identified a +2 robe of the Archmagi
 15366 | Orc:2    | HP: 31/129 [orc knight/+0 halberd (20)]
 15371 | Orc:2    | HP: 23/129 [poisoned by an orc knight]
 15376 | Orc:2    | HP: 27/129 [poisoned by an orc knight]
 15440 | Orc:2    | HP: 28/129 [orc knight/+0 bardiche of venom (22)]
 15445 | Orc:1    | HP: 19/129 [poisoned by an orc knight]
 15548 | Orc:2    | Found Fihukhuc's Antique Weapon Shoppe.
 15548 | Orc:2    | Found Vieralua's Book Shoppe.
 15549 | Orc:2    | Found Quler's Distillery.
 15549 | Orc:2    | Found Mokoecku's Assorted Antiques.
 15609 | Orc:2    | Bought a glowing battleaxe for 275 gold pieces
 15909 | D:12     | Reached skill level 21 in Axes
 16483 | D:13     | your +2 executioner's axe of freezing {rare} stops glowing.
 16488 | D:13     | Reached skill level 22 in Axes
 16495 | D:13     | your +2 executioner's axe of freezing {rare} glows with a
                  | cold blue light!
 16495 | D:13     | e - a +2 executioner's axe of freezing (weapon) {rare}
 16518 | D:13     | Found a gate leading to a gauntlet.
 16525 | Gauntlet | Entered a Gauntlet
 16525 | Gauntlet | Found a transporter.
 16535 | Gauntlet | Found a transporter.
 16535 | Gauntlet | Found a transporter.
 16537 | Gauntlet | Found a transporter.
 16546 | Gauntlet | Found a transporter.
 16561 | Gauntlet | Found a transporter.
 16566 | Gauntlet | Found a transporter.
 16581 | Gauntlet | Found a transporter.
 16601 | Gauntlet | Found a transporter.
 16613 | Gauntlet | Found a transporter.
 16627 | Gauntlet | Found a large runed translucent door.
 16628 | Gauntlet | Found a large runed translucent door.
 16629 | Gauntlet | Found a large runed translucent door.
 16629 | Gauntlet | Found a large runed translucent door.
 16630 | Gauntlet | Found a runed translucent gate.
 16631 | Gauntlet | Found a transporter.
 16631 | Gauntlet | Found a runed translucent gate.
 16632 | Gauntlet | Found a runed translucent gate.
 16632 | Gauntlet | Found a large runed translucent door.
 16632 | Gauntlet | Found a large runed translucent door.
 16632 | Gauntlet | Found a runed translucent door.
 16632 | Gauntlet | Found a runed translucent door.
 16633 | Gauntlet | Found a large runed translucent door.
 16634 | Gauntlet | Found a large runed translucent door.
 16636 | Gauntlet | Found a transporter.
 16647 | Gauntlet | Found a large runed translucent door.
 16647 | Gauntlet | Found a large runed translucent door.
 16648 | Gauntlet | Found a large runed translucent door.
 16649 | Gauntlet | Found a large runed translucent door.
 16657 | Gauntlet | Found a transporter.
 16658 | Gauntlet | Found a large runed translucent door.
 16658 | Gauntlet | Found a large runed translucent door.
 16659 | Gauntlet | Found a large runed translucent door.
 16660 | Gauntlet | Found a large runed translucent door.
 16664 | Gauntlet | Found a transporter.
 16666 | Gauntlet | Found a transporter.
 16685 | Gauntlet | Found a transporter.
 16690 | Gauntlet | Found a transporter.
 16737 | Gauntlet | Found a transporter.
 16898 | Gauntlet | Identified the +2 cloak of the Sky {rCorr Str+3}
 16915 | Gauntlet | Identified the +0 ice dragon scales of the Land of Plenty
                  | {rPois rF- rC++ SInv}
 16946 | Gauntlet | Identified the +9 rapier "Beetleslayer" {heavy, rN+ rCorr
                  | Str-4 SInv}
 17111 | D:13     | You pick up a book of Burglary and begin reading...
 17111 | D:13     | You add the spells Passwall, Ensorcelled Hibernation and
                  | Swiftness to your library.
 17370 | D:13     | Found a bloodstained altar of Trog.
 17627 | D:14     | your +2 executioner's axe of freezing {rare} glows red for
                  | a moment.
 17628 | D:14     | your +3 executioner's axe of freezing {rare} glows red for
                  | a moment.
 17629 | D:14     | your +4 executioner's axe of freezing {rare} glows red for
                  | a moment.
 17630 | D:14     | your +5 executioner's axe of freezing {rare} glows red for
                  | a moment.
 17631 | D:14     | your +6 executioner's axe of freezing {rare} glows red for
                  | a moment.
 17632 | D:14     | your +7 executioner's axe of freezing {rare} glows red for
                  | a moment.
 17732 | D:14     | Reached XP level 16. HP: 136/137 MP: 26/26
 17842 | D:14     | Found a glowing golden altar of the Shining One.
 17856 | D:14     | Reached skill level 23 in Axes
 17859 | D:14     | Noticed Lodul
 17870 | D:14     | Killed Lodul
 18255 | D:14     | Found a gate to the Vaults.
 18475 | D:15     | Entered Level 15 of the Dungeon
 18478 | D:15     | Reached skill level 24 in Axes
 18577 | D:15     | your +8 executioner's axe of freezing {rare} glows red for
                  | a moment.
 18594 | D:15     | Identified the +0 tower shield of the Planets {Int+3}
 18594 | D:15     | Noticed Louise
 18598 | D:15     | You are cast into the Abyss!
 18598 | Abyss:2  | Cast into level 2 of the Abyss (Louise)
 18631 | Abyss:2  | Found a corrupted altar of Lugonu.
 18647 | Abyss:2  | Reached skill level 12 in Fighting
 18738 | Abyss:2  | Noticed a tentacled starspawn
 18744 | Abyss:2  | Killed a tentacled starspawn
 18749 | Abyss:2  | Noticed a tentacled starspawn
 18753 | Abyss:2  | Killed a tentacled starspawn
 18763 | Abyss:2  | Reached skill level 13 in Fighting
 18921 | Abyss:2  | Noticed a tentacled starspawn
 18936 | Abyss:2  | Killed a tentacled starspawn
 18942 | D:15     | You pass through the gate.
 18942 | D:15     | Escaped the Abyss
 18956 | D:15     | Killed Louise
 19069 | D:15     | Found a staircase to the Depths.
 19089 | D:15     | Reached skill level 14 in Fighting
 19600 | D:15     | Noticed Azrael
 19603 | D:15     | Reached skill level 15 in Fighting
 19620 | D:15     | Killed Azrael
 19726 | D:15     | Found a runed translucent door.
 19727 | D:15     | Found a shimmering altar of Xom.
 19727 | D:15     | Noticed Pomaec's ghost (journeyman TrCA)
 19886 | D:15     | Killed Pomaec's ghost
 20199 | Spider:1 | Entered Level 1 of the Spider Nest
 20205 | Spider:1 | Reached XP level 17. HP: 155/155 MP: 27/27
 20210 | Spider:1 | Reached skill level 14 in Armour
 20315 | Spider:1 | You fall into a shaft and drop 1 floor!
 20455 | Spider:2 | Reached skill level 15 in Armour
 20733 | Spider:1 | Noticed Jorgrun
 20743 | Spider:1 | Killed Jorgrun
 20753 | Spider:1 | Reached skill level 16 in Armour
 20935 | Spider:1 | You pick up a book of Frost and begin reading...
 20935 | Spider:1 | You add the spells Freeze and Frozen Ramparts to your
                  | library.
 20941 | Spider:1 | You pick up a book of Conjurations and begin reading...
 21426 | Spider:2 | Reached skill level 17 in Armour
 21674 | Spider:2 | Found the ring of the Tortoise {AC+8}
 22216 | Spider:3 | Reached skill level 18 in Armour
 22216 | Spider:3 | Upgraded the game from 0.30-a0-1082-g70414cbcbb to
                  | 0.30-a0-1094-g860fb061e7
 22216 | Spider:3 | magus.rc [v1.11.3]
 22666 | Spider:3 | Reached XP level 18. HP: 163/163 MP: 28/28
 22714 | Spider:3 | You pick up a book of Frost and begin reading...
 23186 | Spider:4 | Entered Level 4 of the Spider Nest
 23244 | Spider:4 | Reached skill level 19 in Armour
 23863 | Spider:4 | Reached skill level 20 in Armour
 24023 | Spider:4 | Got a gossamer rune of Zot
 24562 | Spider:4 | You add the spells Borgnjor's Revivification, Necromutation
                  | and Death's Door to your library.
 24693 | Spider:4 | Reached skill level 21 in Armour
 25493 | Shoals:1 | Entered Level 1 of the Shoals
 25544 | Shoals:1 | Noticed Mlioglotl
 25572 | Shoals:1 | Killed Mlioglotl
 25737 | Shoals:1 | Noticed Josephine
 25742 | Shoals:1 | Killed Josephine
 26132 | Shoals:1 | Identified Roxanne's Atlas of the Boulder
 26132 | Shoals:1 | Noticed Roxanne
 26174 | Shoals:1 | Killed Roxanne
 26186 | Shoals:1 | You add the spells Sandblast, Petrify, Statue Form and
                  | Lehudib's Crystal Spear to your library.
 26279 | Shoals:1 | Reached XP level 19. HP: 170/170 MP: 29/29
 26282 | Shoals:1 | Noticed Nikola
 26289 | Shoals:1 | HP: 39/170 [Nikola/arc of chain lightning (34)]
 26294 | Shoals:1 | Killed Nikola
 26422 | Shoals:1 | Reached skill level 22 in Armour
 26437 | Shoals:1 | Found a radiant altar of Vehumet.
 27709 | Shoals:3 | Reached skill level 23 in Armour
 27776 | Shoals:3 | Identified the ring of Liberalism {rElec EV+5 Int+5 Dex-2}
 27831 | Shoals:3 | Found Ynim's Weapon Emporium.
 28038 | Shoals:4 | Entered Level 4 of the Shoals
 28120 | Shoals:4 | Noticed Ilsuiw
 28195 | Shoals:4 | Killed Ilsuiw
 28296 | Shoals:4 | Identified the +10 rapier of Pocofybi {protect, rN+ Will-
                  | Int+2 Dex+6}
 28320 | Shoals:4 | Noticed Polyphemus
 28321 | Shoals:4 | Noticed Donald
 28331 | Shoals:4 | Killed Polyphemus
 28346 | Shoals:4 | Killed Donald
 28491 | Shoals:4 | Identified the +0 scale mail "Rejunah" {Str+4}
 28642 | Shoals:4 | Reached skill level 24 in Armour
 28949 | Shoals:4 | Got a barnacled rune of Zot
 29064 | Shoals:4 | HP: 42/170 [poisoned by a merfolk impaler]
 29069 | Shoals:4 | HP: 36/170 [poisoned by a merfolk impaler]
 29558 | Vaults:1 | Entered Level 1 of the Vaults
 29654 | Vaults:1 | Reached skill level 10 in Dodging
 29654 | Vaults:1 | Reached XP level 20. HP: 174/178 MP: 30/30
 29686 | Vaults:1 | Identified the ring of Gunn {rF+ Will+}
 30088 | Vaults:1 | Reached skill level 11 in Dodging
 30945 | Vaults:2 | Reached skill level 12 in Dodging
 30946 | Vaults:2 | HP: 42/176 [ironbound frostheart (11)]
 30951 | Vaults:2 | HP: 41/178 [poisoned by a tengu reaver (bolt of poison)]
 30956 | Vaults:2 | HP: 24/178 [poisoned by a tengu reaver (bolt of poison)]
 31447 | Vaults:2 | Reached skill level 13 in Dodging
 31956 | Vaults:2 | Found a transporter.
 31963 | Vaults:2 | Found a transporter.
 31967 | Vaults:2 | Found a bloodstained altar of Trog.
 31976 | Vaults:2 | Noticed Fypuno Aqar's ghost (adept DEFE)
 32031 | Vaults:2 | Found a staircase to the Crypt.
 32031 | Vaults:2 | Found a basalt altar of Yredelemnul.
 32031 | Vaults:2 | Found an ancient bone altar of Kikubaaqudgha.
 32516 | Vaults:3 | Reached skill level 14 in Dodging
 32647 | Vaults:3 | Reached XP level 21. HP: 184/184 MP: 31/31
 32845 | Vaults:3 | Reached skill level 15 in Dodging
 32951 | Vaults:3 | Reached skill level 15 in Invocations
 33218 | Vaults:3 | Found Liugiso's Antique Armour Shoppe.
 33255 | Vaults:3 | Reached skill level 16 in Invocations
 33686 | Vaults:4 | Reached skill level 17 in Invocations
 34131 | Vaults:4 | Reached skill level 18 in Invocations
 34412 | Vaults:4 | Reached skill level 25 in Axes
 34489 | Vaults:4 | Reached XP level 22. HP: 183/192 MP: 35/35
 34951 | Vaults:4 | You pick up a book of Cantrips and begin reading...
 34951 | Vaults:4 | You add the spells Necrotise, Summon Small Mammal and
                  | Apportation to your library.
 34984 | Vaults:5 | Entered Level 5 of the Vaults
 34989 | Vaults:5 | Reached skill level 26 in Axes
 35007 | Vaults:5 | HP: 48/192 [tengu reaver/+1 great sword (2)]
 35012 | Vaults:4 | HP: 45/192 [poisoned by a vault guard]
 35315 | Vaults:5 | Reached skill level 27 in Axes
 35415 | Vaults:5 | Identified the +12 rapier of the Dark Horse {pain, rC+
                  | Str+4}
 35425 | Vaults:5 | Noticed a golden dragon
 35494 | Vaults:5 | Reached skill level 16 in Fighting
 35504 | Vaults:5 | Killed a golden dragon
 35784 | Vaults:5 | Reached skill level 17 in Fighting
 36034 | Vaults:5 | Noticed a golden dragon
 36042 | Vaults:5 | Killed a golden dragon
 36058 | Vaults:5 | HP: 35/193 [tengu reaver/bolt of lightning (17)]
 36060 | Vaults:5 | Reached skill level 18 in Fighting
 36181 | Vaults:5 | Identified the +6 hand axe of Doom {flame, rN+}
 36187 | Vaults:5 | Got a silver rune of Zot
 36188 | Vaults:5 | Identified the +8 lajatang of Apuxteir {speed, Str+5}
 36285 | Vaults:5 | Identified the amulet "Xopoum" {RegenMP Str+3 SInv}
 36323 | Vaults:5 | Reached XP level 23. HP: 203/204 MP: 36/36
 36523 | Vaults:5 | You pick up a book of Changes and begin reading...
 36523 | Vaults:5 | You add the spells Beastly Appendage, Wereblood and Spider
                  | Form to your library.
 36532 | Vaults:5 | You pick up a book of Decay and begin reading...
 36532 | Vaults:5 | You add the spells Cigotuvi's Dreadful Rot and Death
                  | Channel to your library.
 36728 | Vaults:5 | Identified the +1 short sword "Newtslayer" {heavy, *Corrode
                  | rN++}
 36731 | Vaults:5 | Identified the staff of conjuration "Jolud" {Int+2 Dex+3
                  | SInv}
 36732 | Vaults:5 | Identified the +9 dagger of Sharkskin {pain, rElec rCorr
                  | MP+9 Str-5}
 36741 | Vaults:5 | You pick up a book of Fire and begin reading...
 36949 | Vaults:5 | +0 shadow dragon scales {rare}; a +0 dire flail; a +0 dire
                  | flail
 37730 | Elf:1    | Entered Level 1 of the Elven Halls
 37739 | Elf:1    | Reached skill level 19 in Fighting
 37802 | Elf:1    | HP: 46/213 [deep elf zephyrmancer/bolt of lightning (28)]
 38142 | Elf:1    | You add the spells Animate Armour and Summon Hydra to your
                  | library.
 38142 | Elf:1    | Got the Volume of the Pure Lovers
 38619 | Elf:1    | Reached skill level 20 in Fighting
 38757 | Elf:1    | Paralysed by an air elemental for 1 turns
 39223 | Elf:2    | Found Ankeit's Weapon Shoppe.
 39387 | Elf:2    | Found a huge runed translucent gate.
 39387 | Elf:2    | Found a huge runed translucent gate.
 39388 | Elf:2    | Found a huge runed translucent gate.
 39388 | Elf:2    | Found a huge runed translucent gate.
 39388 | Elf:2    | Found a huge runed translucent gate.
 39570 | Elf:2    | Reached skill level 21 in Fighting
 40192 | Elf:2    | Found Jerr's CLEARANCE SALE!.
 40603 | Depths:1 | Entered Level 1 of the Depths
 40612 | Depths:1 | Reached skill level 22 in Fighting
 40806 | Depths:1 | Found Ommioqio's Armour Shoppe.
 40808 | Depths:1 | Found Etushr Reti's Jewellery Emporium.
 40808 | Depths:1 | Found Boecu's Antique Weapon Shoppe.
 40811 | Depths:1 | Found Imouqots's Jewellery Emporium.
 40854 | Depths:1 | Found a gateway to Hell.
 40910 | Depths:1 | Bought the amulet "Jylaegaq" {Will+ Regen+} for 724 gold
                  | pieces
 40925 | Depths:1 | Bought the ring "Orastraax" {rF+ Will+ AC+4} for 1278 gold
                  | pieces
 41081 | Depths:1 | Found an opulent altar of Gozag.
 41154 | Depths:1 | Reached XP level 24. HP: 231/234 MP: 36/36
 41180 | Depths:1 | Found a runed translucent door.
 41181 | Depths:1 | Found the +9 sword of Zonguldrok {reap}
 41197 | Depths:1 | Reached skill level 23 in Fighting
 41520 | Depths:1 | HP: 23/203 [shadow dragon/bolt of negative energy (52)]
 41530 | Depths:1 | +0 shadow dragon scales {rare}; a shadow dragon corpse
 41654 | Depths:1 | Identified the +5 rapier of Fabulous Guile {distort, rPois
                  | rC+ Will+ Str-3}
 41669 | Depths:1 | +0 shadow dragon scales {rare}; a shadow dragon corpse
 41671 | Depths:1 | +0 shadow dragon scales {rare}; a shadow dragon corpse
 41673 | Depths:1 | +0 shadow dragon scales {rare}; a shadow dragon corpse
 41717 | Depths:2 | Reached skill level 24 in Fighting
 41802 | Depths:2 | Found a one-way gate to the infinite horrors of the Abyss.
 42142 | Depths:2 | Found a one-way gate leading to the halls of Pandemonium.
 42565 | Depths:2 | the Enchantress comes into view. She is wielding a +1 heavy
                  | flail, wearing the +3 faerie dragon scales {*Slow rCorr
                  | Int+5} and wearing a +1 buckler of reflection.
 42565 | Depths:2 | Noticed the Enchantress
 42577 | Depths:2 | Reached skill level 25 in Fighting
 42587 | Depths:2 | Killed the Enchantress
 43165 | Depths:3 | Reached skill level 26 in Fighting
 43706 | Depths:4 | Entered Level 4 of the Depths
 43712 | Depths:4 | Found a magical portal.
 43734 | Depths:4 | Noticed Xtahua
 43740 | Depths:4 | Killed Xtahua
 43761 | WizLab   | Entered Zonguldrok's Shrine
 43924 | WizLab   | Reached XP level 25. HP: 176/255 MP: 36/36
 44003 | WizLab   | Noticed an antique lich
 44012 | WizLab   | Killed an antique lich
 44028 | WizLab   | You pick up a book of Displacement and begin reading...
 44028 | WizLab   | You add the spells Gell's Gravitas and Teleport Other to
                  | your library.
 44030 | WizLab   | You pick up a book of Minor Magic and begin reading...
 44030 | WizLab   | You add the spells Call Imp and Mephitic Cloud to your
                  | library.
 44049 | WizLab   | You pick up a book of Debilitation and begin reading...
 44049 | WizLab   | You add the spells Slow and Vampiric Draining to your
                  | library.
 44052 | WizLab   | Identified the +8 double sword "Leviticus" {pain, +Blink
                  | rF+ Will+ SInv}
 44054 | WizLab   | You pick up a book of Hexes and begin reading...
 44054 | WizLab   | You add the spells Anguish, Cause Fear and Enfeeble to your
                  | library.
 44147 | Depths:4 | Found a shimmering blue altar of Sif Muna.
 44192 | Depths:4 | Reached skill level 27 in Fighting
 44237 | Depths:4 | Found a corrupted altar of Lugonu.
 44588 | Depths:4 | Found a one-way gateway to a ziggurat.
 44591 | Depths:4 | Found an iron altar of Okawaru.
 44641 | Depths:4 | +0 storm dragon scales {rare}; a storm dragon corpse
 44751 | Depths:4 | Reached skill level 25 in Armour
 44775 | Depths:4 | Identified the +1 bardiche of Ru's Envy {flame, rF++ Str-4
                  | Int+3 SInv}
 44782 | Depths:4 | Reached skill level 19 in Invocations
 44806 | Depths:4 | Found a gate to the Realm of Zot.
 44895 | Depths:4 | You pick up a book of Dangerous Friends and begin
                  | reading...
 44895 | Depths:4 | You add the spells Summon Guardian Golem, Orb of
                  | Destruction and Spellforged Servitor to your library.
 45193 | Zot:1    | Entered Level 1 of the Realm of Zot
 45210 | Zot:1    | quicksilver dragon scales {rare}; a moth of wrath corpse; a
                  | quicksilver dragon corpse
 45215 | Zot:1    | quicksilver dragon scales {rare}; a moth of wrath corpse; a
                  | quicksilver dragon corpse
 45399 | Zot:1    | Noticed a curse toe
 45408 | Zot:1    | Killed a curse toe
 45599 | Zot:1    | Identified the +5 ring mail of Summertime {Dex+4}
 45737 | Zot:1    | quicksilver dragon scales {rare}; a quicksilver dragon
                  | corpse
 45884 | Zot:2    | Noticed an electric golem
 45901 | Zot:2    | Reached skill level 16 in Dodging
 45909 | Zot:2    | Killed an electric golem
 46081 | Zot:2    | Upgraded the game from 0.30-a0-1094-g860fb061e7 to
                  | 0.30-a0-1103-g25895a7845
 46081 | Zot:2    | magus.rc [v1.11.3]
 46180 | Zot:2    | Reached skill level 20 in Invocations
 46292 | Zot:2    | Reached XP level 26. HP: 241/266 MP: 37/37
 46619 | Zot:2    | Noticed an orb of fire
 46619 | Zot:2    | Noticed an orb of fire
 46622 | Zot:2    | Gained mutation: You occasionally lose the ability to drink
                  | potions when taking damage. [an orb of fire]
 46623 | Zot:2    | Noticed an orb of fire
 46632 | Zot:2    | HP: 44/266 [orb of fire/fireball (30)]
 46637 | Zot:2    | HP: 27/266 [orb of fire/bolt of fire (4)]
 46639 | Zot:2    | HP: 10/266 [orb of fire/fireball (33)]
 46639 | Zot:2    | Killed from afar by an orb of fire

Vanquished Creatures
  An ancient lich (WizLab)
  A curse toe (Zot:1)
  Xtahua (Depths:4)
  Nikola (Shoals:1)
  5 golden dragons
  the Enchantress (Depths:2)
  An electric golem (Zot:2)
  12 tentacled monstrosities
  2 liches
  Mlioglotl (Shoals:1)
  A walking earthen tome (Depths:2)
  Jorgrun (Spider:1)
  4 quicksilver dragons
  A deep elf blademaster (Elf:2)
  An ancient champion (WizLab)
  Polyphemus (Shoals:4)
  5 sphinxes
  2 krakens
  3 death cobs
  2 titans (Vaults:5)
  6 tengu reavers
  3 tentacled starspawn (Abyss:2)
  8 draconian monks
  5 storm dragons
  13 shadow dragons
  Roxanne (Shoals:1)
  Donald (Shoals:4)
  Ilsuiw (Shoals:4)
  9 fire giants
  The ghost of Pomaec the Brawler, a journeyman TrCA of Jiyva (D:15)
  3 draconian knights (Zot:2)
  6 emperor scorpions
  17 vault wardens
  An iron dragon (Depths:1)
  Louise (D:15)
  2 draconian shifters (Zot:2)
  4 draconian scorchers
  2 spectral caustic shrikes (Depths:3)
  6 draconian annihilators
  A deep elf elementalist (Elf:1)
  6 frost giants
  8 ghost moths
  5 spriggan defenders
  9 ironbound thunderhulks
  2 reapers
  6 war gargoyles
  29 very ugly things
  10 broodmothers
  23 ironbound preservers
  8 black draconians
  4 vampire knights
  A deep elf demonologist (Elf:1)
  9 green draconians
  10 stone giants
  13 purple draconians
  5 yellow draconians
  2 deep elf annihilators (Vaults:5)
  Azrael (D:15)
  6 white draconians (Depths:4)
  A minotaur (Gauntlet)
  4 red draconians
  22 dire elephants
  6 spark wasps
  The ghost of Picaen the Artisan of Death, a journeyman DsNe of Kikubaaqudgha (Lair:2)
  A crystal guardian (Vaults:4)
  12 merfolk impalers
  2 blizzard demons
  A green death (Depths:2)
  26 slime creatures
  A fire dragon (shapeshifter) (Vaults:5)
  5 great orbs of eyes
  10 ettins
  6 merfolk javelineers
  5 fire dragons
  A deep elf death mage (Vaults:5)
  Josephine (Shoals:1)
  2 deep elf high priests (Vaults:5)
  2 spriggan air magi (Depths:2)
  2 entropy weavers
  8 hydras
  9 ice dragons
  3 peacekeepers
  5 merfolk avatars
  11 yaktaur captains
  A jorogumo (Spider:4)
  8 rakshasas
  Erolcha (Orc:1)
  A catoblepas (Shoals:4)
  41 vault guards
  2 hell beasts (Depths:1)
  6 boulder beetles
  5 merfolk aquamancers
  A death knight (D:14)
  6 ogre magi
  8 ironbound frosthearts
  3 radroaches
  15 two-headed ogres
  11 deep troll shamans
  3 alligator snapping turtles (Shoals:4)
  17 centaur warriors
  An alligator (Shoals:4)
  3 satyrs
  A spriggan skeleton (Depths:1)
  16 death yaks
  4 tengu warriors
  3 vampire magi
  2 naga warriors (Abyss:2)
  23 dancing weapons
  3 orc high priests (Orc:2)
  Urug (Lair:3)
  14 deep troll earth magi
  A spriggan berserker (Depths:3)
  15 deep elf knights
  2 hell knights
  A soul eater (Gauntlet)
  A spectral dire elephant (Lair:5)
  The ghost of Arzdou the Unseen, a journeyman SpEn of Dithmenos (D:11)
  Sonja (Lair:1)
  2 wretched stars (Abyss:2)
  17 iron trolls
  5 skysharks
  A skyshark (shapeshifter) (Vaults:5)
  2 goliath frogs (Shoals:4)
  11 sea snakes
  A spectral anaconda (Lair:5)
  A spectral death yak (Lair:5)
  Lodul (D:14)
  4 skeletal warriors (WizLab)
  7 pharaoh ants
  A sea snake (shapeshifter) (Vaults:5)
  11 deep elf archers
  A flayed ghost (Depths:2)
  10 orb spiders
  3 sun moths
  74 deep trolls
  2 obsidian statues
  3 death drakes (Depths:4)
  10 lindwurms
  A sphinx zombie (Vaults:3)
  7 phantasmal warriors
  10 wizards
  A golden dragon skeleton (Depths:1)
  9 harpies
  36 deep elf zephyrmancers
  16 ironbound convokers
  8 orc knights
  A shadow dragon zombie (Depths:1)
  8 steelbarb worms
  7 necromancers
  2 will-o-the-wisps (Abyss:2)
  30 deep elf pyromancers
  A manticore (shapeshifter) (Vaults:5)
  7 cyclopes
  16 fauns
  48 ugly things
  5 orc sorcerers
  29 wolf spiders
  13 manticores
  A moth of wrath (shapeshifter) (D:14)
  13 elephants
  An apocalypse crab (Abyss:2)
  A rust devil (Depths:2)
  19 moths of wrath
  9 merfolk sirens
  14 vault sentinels
  7 black mambas
  A stone giant skeleton (Vaults:3)
  An orange demon (Depths:2)
  A guardian serpent (shapeshifter) (Vaults:5)
  A guardian serpent (Abyss:2)
  9 cane toads
  7 demonic crawlers
  2 dire elephant zombies (Lair:5)
  An eye of devastation (shapeshifter) (Vaults:5)
  5 water nymphs
  A gargoyle (D:10)
  5 torpor snails
  6 rime drakes
  2 ice statues (IceCv)
  A komodo dragon (shapeshifter) (Vaults:5)
  A freezing wraith (IceCv)
  A kobold demonologist (Abyss:2)
  An anaconda simulacrum (IceCv)
  27 yaktaurs
  5 komodo dragons
  4 tengu conjurers
  An efreet (D:15)
  5 ice devils
  6 trolls
  24 merfolk
  A hellwing (Depths:2)
  8 wind drakes
  A meliai (shapeshifter) (D:12)
  7 meliai
  2 tarantellas (shapeshifter)
  14 dream sheep
  2 hornets
  24 tarantellas
  An ettin zombie (Depths:1)
  14 blink frogs
  A spriggan zombie (Depths:1)
  2 spectral elephants (Lair:5)
  A large abomination (Abyss:2)
  An iron dragon simulacrum (Depths:1)
  A dream sheep (shapeshifter) (Vaults:5)
  3 raiju (Abyss:2)
  A jumping spider (shapeshifter) (Vaults:5)
  9 snapping turtles
  24 culicivoras
  36 jumping spiders
  4 spriggans (Depths:2)
  11 wyverns
  4 air elementals
  A centaur simulacrum (D:15)
  5 vampires
  4 dire elephant simulacra (IceCv)
  13 water elementals
  6 wraiths
  36 yaks
  A human (shapeshifter) (Elf:1)
  11 basilisks
  A chaos spawn (Abyss:2)
  5 fire elementals
  A redback (shapeshifter) (Vaults:5)
  3 golden eyes (Abyss:2)
  69 redbacks
  10 vampire mosquitoes
  4 two-headed ogre zombies (WizLab)
  A spectral cane toad (Lair:5)
  3 wargs
  2 nagas (Abyss:2)
  An acid dragon (D:10)
  2 harpy simulacra (IceCv)
  14 water moccasins
  A floating eye (shapeshifter) (Vaults:5)
  7 hell hounds
  23 orc warriors
  3 hydra simulacra (IceCv)
  A human skeleton (Vaults:3)
  5 ice beasts
  A sky beast (D:7)
  2 elephant zombies (Lair:5)
  An elf simulacrum (Vaults:3)
  3 black bears
  14 ogres
  10 boggarts
  9 wolves (Lair:2)
  14 centaurs
  A phantom (D:5)
  12 bullfrogs
  2 two-headed ogre simulacra (IceCv)
  A glowing shapeshifter simulacrum (Vaults:4)
  9 wights
  8 troll zombies (WizLab)
  3 elephant simulacra
  2 human simulacra
  30 killer bees
  5 electric eels
  4 howler monkeys
  4 hounds
  7 jellies
  21 orc priests
  A gnoll bouda (D:9)
  3 small abominations (Abyss:2)
  3 iguanas
  An iron imp (Abyss:2)
  Jessica (D:2)
  5 hell rats (D:14)
  21 orc wizards
  A polar bear simulacrum (IceCv)
  A troll simulacrum (IceCv)
  2 wolf simulacra (IceCv)
  5 ogre zombies (WizLab)
  6 gnolls
  7 adders
  A river rat (Sewer)
  4 shadow imps
  8 worms
  A dart slug (D:2)
  62 orcs
  7 ball pythons
  8 bats
  13 endoplasms
  10 giant cockroaches
  4 goblins
  8 hobgoblins
  A jackal (D:1)
  11 quokkas
  6 frilled lizards
  3 kobolds
  29 rats
  A plant (Shoals:4)
  3 starspawn tentacles
  3 tentacles (Shoals:3)
2077 creatures vanquished.

Vanquished Creatures (collateral kills)
  A harpy (Vaults:5)
  A komodo dragon (D:10)
  A troll (D:11)
  A wraith (D:11)
  A yak (Lair:3)
  A water moccasin (Lair:1)
  A wolf (Lair:2)
  A killer bee (D:9)
  A hound (D:5)
  An orc priest (D:4)
  A sleepcap (D:5)
  An iguana (D:4)
  4 orcs
  An endoplasm (D:4)
17 creatures vanquished.

Vanquished Creatures (others)
  A deep elf knight (Elf:2)
  A deep troll (Vaults:2)
  2 deep elf zephyrmancers
  An orc sorcerer (Vaults:5)
  A moth of wrath (Zot:2)
  A wind drake (Shoals:4)
  A small abomination (Abyss:2)
  An orc wizard (D:11)
  14 demonic plants (Gauntlet)
  12 fungi
  55 plants
  6 starspawn tentacles
  9 tentacles
  25 withered plants (Lair:5)
130 creatures vanquished.

Grand Total: 2224 creatures vanquished

Table legend:
 A = Non-vault XP
 B = Vault XP
 C = Vault XP percentage of total XP
 D = Non-vault monster count
 E = Vault monster count
 F = Vault count percentage of total count
                 A         B        C        D         E       F
            +---------+---------+-------+---------+---------+-------
      Total |  627670 |  497333 |  44.2 |    1324 |     769 |  36.7
            +---------+---------+-------+---------+---------+-------
        D:1 |      23 |       7 |  23.3 |      15 |       4 |  21.1
        D:2 |      52 |      37 |  41.6 |      24 |       1 |   4.0
        D:3 |     123 |       0 |   0.0 |      19 |       0 |   0.0
        D:4 |     283 |      20 |   6.6 |      15 |      19 |  55.9
        D:5 |     440 |      16 |   3.5 |      13 |       8 |  38.1
        D:6 |     369 |     121 |  24.7 |      10 |       2 |  16.7
        D:7 |    1640 |       0 |   0.0 |      22 |       0 |   0.0
        D:8 |     403 |    3294 |  89.1 |       8 |       7 |  46.7
        D:9 |    2694 |     876 |  24.5 |      41 |       4 |   8.9
       D:10 |    2603 |       0 |   0.0 |      19 |       0 |   0.0
       D:11 |    2050 |    1401 |  40.6 |      21 |      11 |  34.4
       D:12 |    7051 |       0 |   0.0 |      14 |       0 |   0.0
       D:13 |    8023 |      13 |   0.2 |      19 |       5 |  20.8
       D:14 |    9267 |   10017 |  51.9 |      21 |      39 |  65.0
       D:15 |   14150 |    9308 |  39.7 |      35 |      17 |  32.7
     Lair:1 |    2614 |     839 |  24.3 |      14 |       2 |  12.5
     Lair:2 |    5055 |    2362 |  31.8 |      25 |       9 |  26.5
     Lair:3 |   12148 |    3737 |  23.5 |      35 |      10 |  22.2
     Lair:4 |   11508 |       0 |   0.0 |      26 |       0 |   0.0
     Lair:5 |    9560 |   16135 |  62.8 |      32 |      30 |  48.4
   Shoals:1 |   14848 |   10845 |  42.2 |      31 |      14 |  31.1
   Shoals:2 |    5233 |    4082 |  43.8 |      11 |       6 |  35.3
   Shoals:3 |   18147 |       0 |   0.0 |      37 |       0 |   0.0
   Shoals:4 |   10815 |   35976 |  76.9 |      20 |      56 |  73.7
   Spider:1 |   19954 |    4511 |  18.4 |      54 |       6 |  10.0
   Spider:2 |   24005 |    6282 |  20.7 |      66 |      13 |  16.5
   Spider:3 |   15359 |       0 |   0.0 |      44 |       0 |   0.0
   Spider:4 |   24584 |   21666 |  46.8 |      53 |      33 |  38.4
      Orc:1 |    1006 |     857 |  46.0 |      19 |       1 |   5.0
      Orc:2 |    1830 |    8278 |  81.9 |       8 |      25 |  75.8
      Elf:1 |   24021 |    8274 |  25.6 |      39 |      13 |  25.0
      Elf:2 |   21420 |   23546 |  52.4 |      37 |      32 |  46.4
   Vaults:1 |   27242 |    9417 |  25.7 |      38 |      13 |  25.5
   Vaults:2 |   26693 |   19361 |  42.0 |      33 |      27 |  45.0
   Vaults:3 |   36070 |   31515 |  46.6 |      54 |      37 |  40.7
   Vaults:4 |   36310 |   32095 |  46.9 |      48 |      45 |  48.4
   Vaults:5 |   20550 |   88529 |  81.2 |      39 |      93 |  70.5
   Depths:1 |   35385 |   20915 |  37.1 |      48 |      18 |  27.3
   Depths:2 |   35274 |   23252 |  39.7 |      38 |      27 |  41.5
   Depths:3 |   20692 |   13916 |  40.2 |      25 |      12 |  32.4
   Depths:4 |   25943 |   64662 |  71.4 |      31 |      53 |  63.1
      Zot:1 |   22440 |     989 |   4.2 |      19 |       2 |   9.5
      Zot:2 |   47121 |       0 |   0.0 |      42 |       0 |   0.0
    Abyss:2 |   14783 |       0 |   0.0 |      31 |       0 |   0.0
      Sewer |       0 |     203 | 100.0 |       0 |      30 | 100.0
      IceCv |       0 |    5856 | 100.0 |       0 |      24 | 100.0
    Volcano |       0 |    6775 | 100.0 |       0 |       8 | 100.0
     WizLab |    7244 |    4590 |  38.8 |      28 |       5 |  15.2
   Gauntlet |     645 |    2758 |  81.0 |       3 |       8 |  72.7
            +---------+---------+-------+---------+---------+-------

Illustrated notes

Table legend:
 A = Kills in this place as a percentage of kills in the entire game.
 B = Kills by you in this place as a percentage of kills by you in the entire game.
 C = Kills by friends in this place as a percentage of kills by friends in the entire game.
 D = Other kills in this place as a percentage of other kills in the entire game.
 E = Experience gained in this place as a percentage of experience gained in the entire game.
 F = Experience gained in this place divided by the number of levels of this place that you have seen.
                   A       B       C       D       E      F
               +-------+-------+-------+-------+-------+----------------------
         Total | 100.0 | 100.0 | 100.0 | 100.0 | 100.0 | 22500.1
       Dungeon |  19.7 |  19.3 |  76.5 |   0.0 |   6.6 | 4952.1
          Lair |   8.7 |   8.7 |  17.6 |   0.0 |   5.7 | 12791.6
        Shoals |   8.4 |   8.4 |   0.0 |  16.7 |   8.9 | 24986.5
   Spider Nest |  12.9 |  13.0 |   0.0 |   0.0 |  10.3 | 29090.2
  Orcish Mines |   2.5 |   2.6 |   0.0 |   0.0 |   1.1 | 5985.5
   Elven Halls |   5.8 |   5.7 |   0.0 |  33.3 |   6.9 | 38630.5
        Vaults |  20.4 |  20.5 |   5.9 |  33.3 |  29.1 | 65556.4
        Depths |  12.0 |  12.2 |   0.0 |   0.0 |  21.3 | 60009.8
           Zot |   3.0 |   3.0 |   0.0 |  16.7 |   6.3 | 35275.0
         Abyss |   1.5 |   1.5 |   0.0 |   0.0 |   1.3 | 14783.0
         Sewer |   1.4 |   1.4 |   0.0 |   0.0 |   0.0 | 203.0
      Ice Cave |   1.1 |   1.2 |   0.0 |   0.0 |   0.5 | 5856.0
       Volcano |   0.4 |   0.4 |   0.0 |   0.0 |   0.6 | 6775.0
        Wizlab |   1.6 |   1.6 |   0.0 |   0.0 |   1.1 | 11834.0
      Gauntlet |   0.5 |   0.5 |   0.0 |   0.0 |   0.3 | 3403.0
               +-------+-------+-------+-------+-------+----------------------

Table legend: (Time is in decaauts)
 A = Elapsed time spent in this place.
 B = Non-inter-level travel time spent in this place.
 C = Inter-level travel time spent in this place.
 D = Time resting spent in this place.
 E = Time spent auto-exploring this place.
 F = Levels seen in this place.
 G = Mean time per level.
                   A        B        C        D        E       F      G
               +--------+--------+--------+--------+--------+-----+--------+
         Total |  45910 |  42138 |   3772 |   1161 |  31698 |  50 |  918.2 |
       Dungeon |  12948 |  11321 |   1627 |    146 |   9082 |  15 |  863.2 |
        Temple |    109 |     88 |     21 |      0 |      0 |   1 |  109.0 |
          Lair |   5426 |   4899 |    527 |     23 |   3805 |   5 | 1085.2 |
        Shoals |   3984 |   3786 |    198 |    175 |   2628 |   4 |  996.0 |
   Spider Nest |   5026 |   4351 |    675 |    134 |   3371 |   4 | 1256.5 |
  Orcish Mines |   1232 |   1123 |    109 |    110 |    775 |   2 |  616.0 |
   Elven Halls |   2413 |   2304 |    109 |      9 |   1796 |   2 | 1206.5 |
        Vaults |   7253 |   6928 |    325 |    387 |   5179 |   5 | 1450.6 |
        Depths |   4066 |   3909 |    157 |     34 |   3014 |   4 | 1016.5 |
           Zot |   1393 |   1371 |     22 |    107 |    981 |   2 |  696.5 |
         Abyss |    324 |    324 |      0 |      0 |    199 |   1 |  324.0 |
         Sewer |    258 |    258 |      0 |      0 |    107 |   1 |  258.0 |
      Ice Cave |    500 |    500 |      0 |     14 |    256 |   1 |  500.0 |
       Volcano |    201 |    201 |      0 |      0 |     91 |   1 |  201.0 |
        Wizlab |    305 |    305 |      0 |     22 |    133 |   1 |  305.0 |
      Gauntlet |    464 |    464 |      0 |      0 |    280 |   1 |  464.0 |
               +--------+--------+--------+--------+--------+-----+--------+

Top non-repeatable levels by time:
Spider:4: 1739 daAuts
Vaults:4: 1656 daAuts
Vaults:5: 1563 daAuts
  Lair:3: 1556 daAuts
Vaults:2: 1393 daAuts
  Lair:5: 1379 daAuts
Vaults:1: 1370 daAuts
   Elf:2: 1328 daAuts
    D:11: 1305 daAuts
Spider:2: 1283 daAuts
Vaults:3: 1270 daAuts
Shoals:4: 1245 daAuts
Spider:3: 1217 daAuts
Depths:2: 1210 daAuts
    D:15: 1192 daAuts
